 Dungeon Crawl Stone Soup version 0.21-a0-632-g1e37ce5 (webtiles) character file.

14 Firecrotchwizard the Caller (level 2, -1/19 HPs)
             Began as a Merfolk Summoner on Dec 28, 2017.
             Slain by a jackal (3 damage)
             ... on level 1 of the Dungeon.
             The game lasted 00:02:57 (404 turns).

Firecrotchwizard the Caller (Merfolk Summoner)       Turns: 404, Time: 00:02:58

Health: -1/19      AC:  2    Str:  8    XL:     2   Next: 45%
Magic:  4/5        EV: 13    Int: 14    God:
Gold:   11         SH:  0    Dex: 14    Spells: 4/5 levels left

rFire    . . .     SeeInvis .   (no weapon)
rCold    . . .     Gourm    .   (no shield)
rNeg     . . .     Faith    .   a - +0 robe
rPois    .         Spirit   .   (no helmet)
rElec    .         Reflect  .   (no cloak)
rCorr    .         Harm     .   (no gloves)
MR       .....                  (no boots)
Stlth    ++........             (no amulet)
HPRegen  0.06/turn              (no ring)
MPRegen  0.09/turn              (no ring)

@: no status effects
A: change form in water, swift swim, stealthy swim
a: no special abilities


You were on level 1 of the Dungeon.
You were not hungry.

You visited 1 branch of the dungeon, and saw 1 of its levels.

You collected 11 gold pieces.

Inventory:

Armour
 a - a +0 robe (worn)
Books
 b - a book of Callings
Comestibles
 c - a ration {@e1}


   Skills:
 - Level 2.6 Dodging
 - Level 2.1 Stealth
 + Level 2.4 Spellcasting
 + Level 4.3 Summonings


You had 4 spell levels left.
You knew the following spells:

 Your Spells              Type           Power        Failure   Level  Hunger
a - Summon Small Mammal   Summ           ##..         3%          1    #......


Dungeon Overview and Level Annotations

Branches:
Dungeon (1/15)

Altars:


Message History

Your bat hits the giant cockroach but does no damage.
The giant cockroach misses your bat.
Your bat hits the giant cockroach but does no damage.
The giant cockroach waves its antennae.
The giant cockroach bites your bat.
Your bat hits the giant cockroach but does no damage.
Your bat misses the giant cockroach.
The giant cockroach bites your bat but does no damage.
Your bat closely misses the giant cockroach.
Your bat hits the giant cockroach. The giant cockroach misses your bat.
Your quokka disappears in a puff of smoke!
Your bat barely misses the giant cockroach.
The giant cockroach misses your bat.
Your bat hits the giant cockroach but does no damage.
The giant cockroach misses your bat.
Your bat barely misses the giant cockroach.
The giant cockroach misses your bat.
Your bat barely misses the giant cockroach.
The giant cockroach misses your bat.
Your bat misses the giant cockroach.
The giant cockroach barely misses your bat.
Your bat hits the giant cockroach but does no damage.
The giant cockroach barely misses your bat.
MP restored: 5 The giant cockroach closely misses your bat.
Your bat barely misses the giant cockroach.
Your bat hits the giant cockroach but does no damage.
You hit the giant cockroach.
Your bat barely misses the giant cockroach.
The giant cockroach bites you but does no damage.
You hit the giant cockroach.
You kill the giant cockroach!
You hit the hobgoblin but do no damage.
Your bat closely misses the hobgoblin.
You barely miss the hobgoblin.
Your bat hits the hobgoblin but does no damage.
The hobgoblin closely misses your bat.
Your bat closely misses the hobgoblin.
You closely miss the hobgoblin.
Your bat barely misses the hobgoblin.
The hobgoblin closely misses you.
You hit the hobgoblin but do no damage. Your bat hits the hobgoblin.
The hobgoblin misses your bat.
You hit the hobgoblin but do no damage.
Your bat barely misses the hobgoblin.
The hobgoblin barely misses you.
You hit the hobgoblin but do no damage. Your bat hits the hobgoblin.
The hobgoblin dies!
The bat closely misses you.
Your bat disappears in a puff of smoke!
The bat barely misses you. The bat hits you.
You take 1 damage, and have 6/19 hp.
You now have 4/5 mp.
The bat misses you. The bat barely misses you. The kobold misses you.
Your quokka closely misses the bat.
You see here a hobgoblin corpse.
You hit the kobold but do no damage. The kobold barely misses you.
Your quokka bites the bat.
The bat barely misses you.
You hit the kobold. The bat closely misses you. The bat misses you.
Your quokka barely misses the bat.
The kobold misses you.
You hit the kobold but do no damage. The bat misses you.
The kobold closely misses you.
Your quokka closely misses the bat.
You barely miss the kobold. The bat hits you.
* * * LOW HITPOINT WARNING * * *
The bat misses you. The kobold barely misses you. The bat misses your quokka.
Your quokka closely misses the bat.
You take 1 damage, and have 5/19 hp.
You closely miss the kobold. The bat hits you but does no damage.
The kobold hits you.
* * * LOW HITPOINT WARNING * * *
Your quokka misses the bat.
You take 1 damage, and have 4/19 hp.
You barely miss the kobold. The bat closely misses you. The kobold misses you.
The bat hits your quokka but does no damage.
You closely miss the kobold. The bat barely misses your quokka.
The bat hits your quokka. The kobold hits you.
* * * LOW HITPOINT WARNING * * *
Your quokka closely misses the bat.
The bat closely misses your quokka.
You take 2 damage, and have 2/19 hp.
You barely miss the kobold.
The bat hits your quokka but does no damage.
The bat barely misses your quokka.
Your quokka bites the bat.
The bat dies!
The kobold closely misses you.
MP restored: 5 You barely miss the kobold.
The kobold barely misses you.
Your quokka closely misses the kobold.
You closely miss the kobold. The kobold barely misses you.
Your quokka bites the kobold.
The kobold dies!
You start resting.
Your quokka disappears in a puff of smoke!
A jackal comes into view.
You regained 2 hp, and now have 5/19 hp.
A jackal and a goblin come into view.
The jackal barks!
The goblin shouts!
There is an open door here.
A goblin opens the door.
The jackal bites you.
* * * LOW HITPOINT WARNING * * *
The jackal completely misses you.
You take 3 damage, and have 2/19 hp.
You now have 4/5 mp.
You hit the jackal. The jackal bites you.
You die...

..... #.# ... ... #.#
..#####.############.#######
..'...............>.......>#
..#####..############.######
..# ##.## ###....##.# ..#
#..# #.........# (.#
##.###.+++h++..#
(.#######.##..+g@r.+..#
(().....†.....'..<.+..#
..#######.##..+....+..# ..#
#†#..h'....+..# ###
#.....++++++.## ##..... ..#
#..#... ##.#..#. .#?.#..


You could see a jackal, a goblin and a friendly rat.

Vanquished Creatures
  An ooze (D:1)
  2 giant cockroaches (D:1)
  A hobgoblin (D:1)
4 creatures vanquished.

Vanquished Creatures (collateral kills)
  2 giant cockroaches (D:1)
  2 hobgoblins (D:1)
  A bat (D:1)
  A kobold (D:1)
  A rat (D:1)
7 creatures vanquished.

Grand Total: 11 creatures vanquished

Notes
Turn   | Place    | Note
-------+----------+-------------------------------------------
     0 | D:1      | Firecrotchwizard the Merfolk Summoner began the quest for the Orb.
     0 | D:1      | Reached XP level 1. HP: 13/13 MP: 3/3
   240 | D:1      | Reached XP level 2. HP: 19/19 MP: 3/5
   287 | D:1      | HP: 3/19 [hobgoblin (4)]
   352 | D:1      | HP: 4/19 [kobold (1)]
   403 | D:1      | HP: 2/19 [jackal (3)]
   404 | D:1      | Slain by a jackal

Vault maps used:
D:1:      lightli_arrival_maybe_door_vault

Action                   || total
-------------------------++-------
Melee: Unarmed           ||    71
 Cast: Summon Small Mamm ||    11
Armor: Robe              ||    15
Dodge: Dodged            ||    67

Table legend:
 A = Spawn XP
 B = Non-spawn XP
 C = Spawn XP percentage of total XP
 D = Spawn monster count
 E = Non-spawn monster count
 F = Spawn count percentage of total count
 G = Total turns spent on level
                    A         B        C        D         E        F      G
               +---------+---------+-------+---------+---------+-------+---------
         Total |       0 |      21 |   0.0 |       0 |      11 |   0.0 |   404
               +---------+---------+-------+---------+---------+-------+---------
           D:1 |       0 |      21 |   0.0 |       0 |      11 |   0.0 |   404
               +---------+---------+-------+---------+---------+-------+---------

Vault maps used:
D:1:      lightli_arrival_maybe_door_vault

Table legend:
 A = Turns spent in this place as a percentage of turns spent in the entire game.
 B = Non-inter-level travel turns spent in this place as a percentage of non-inter-level travel turns spent in the entire game.
 C = Inter-level travel turns spent in this place as a percentage of turns spent in this place.
 D = Turns resting spent in this place as a percentage of non-inter-level travel turns spent in this place.
 E = Turns spent auto-exploring this place as a percentage of non-inter-level travel turns spent in this place.
 F = Non-inter-level travel turns spent in this place divided by the number of levels of this place that you've seen.
                   A       B       C       D       E      F
               +-------+-------+-------+-------+-------+----------------------
         Total | 100.0 | 100.0 |   0.0 |  46.3 |  16.3 | 404.0
       Dungeon | 100.0 | 100.0 |   0.0 |  46.3 |  16.3 | 404.0
               +-------+-------+-------+-------+-------+----------------------

Table legend:
 A = Kills in this place as a percentage of kills in entire the game.
 B = Kills by you in this place as a percentage of kills by you in the entire game.
 C = Kills by friends in this place as a percentage of kills by friends in the entire game.
 D = Other kills in this place as a percentage of other kills in the entire game.
 E = Experience gained in this place as a percentage of experience gained in the entire game.
 F = Experience gained in this place divided by the number of levels of this place that you have seen.
                   A       B       C       D       E      F
               +-------+-------+-------+-------+-------+----------------------
         Total | 100.0 | 100.0 | 100.0 |   N/A | 100.0 |  21.0
       Dungeon | 100.0 | 100.0 | 100.0 |   N/A | 100.0 |  21.0
               +-------+-------+-------+-------+-------+----------------------
